 Seeded DCSS version 0.30.1-11-g7821555f0a (webtiles) character file.

Game seed: 5 (custom seed)

4623 Kazon the Warmonger (level 10, -11/73 (75) HPs)
             Began as a Demonspawn Gladiator on Jan 8, 2024.
             Was a High Priest of Okawaru.
             Mangled by a wyvern simulacrum (13 damage)
             ... on level 8 of the Dungeon.
             The game lasted 00:30:18 (4736 turns).

Kazon the Warmonger (Demonspawn Gladiator)          Turns: 4736, Time: 00:30:19

HP:   -11/73 (75)   AC:  9    Str: 19    XL:     10   Next: 19%
MP:   0/24          EV: 12    Int: 10    God:    Okawaru [*****.]
Gold: 378           SH:  0    Dex: 20    Spells: 9/9 levels left

rFire   . . .        A - +3 quarterstaff (spect)
rCold   . . .        (shield currently unavailable)
rNeg    . . .        b - +0 scale mail
rPois   .            (helmet unavailable)
rElec   .            (no cloak)
rCorr   .            I - +0 pair of gloves
SInv    +            (no boots)
Will    .....        E - amulet of guardian spirit
Stlth   +            s - ring of magical power
HPRegen 0.32/turn    y - +6 ring of dexterity
MPRegen 0.19/turn

%: guardian spirit
@: lethally poisoned (-11 -> -23), lightly drained
A: antennae 3, rugged brown scales 1, powered by death 2
a: Renounce Religion, Heroism, Finesse, Duel


You were on level 8 of the Dungeon.
You worshipped Okawaru.
Okawaru was extremely pleased with you.
You visited 2 branches of the dungeon, and saw 9 of its levels.
You also visited: Ossuary.

You collected 378 gold pieces.

Inventory:

Hand Weapons
 a - a +0 war axe
 e - a +2 vampiric dagger
 f - a +0 hand axe of flaming
 o - a +0 vampiric hand axe
 A - a +3 spectral quarterstaff (weapon)
Missiles
 d - 3 throwing nets
 j - 11 boomerangs (quivered)
 r - a javelin
 G - 11 poisoned darts
Armour
 b - a +0 scale mail (worn)
 c - a +0 tower shield
 I - a +0 pair of gloves (worn)
Jewellery
 s - a ring of magical power (left hand)
 y - a +6 ring of dexterity (right hand)
 E - an amulet of guardian spirit (around neck)
Wands
 B - a wand of paralysis (8)
Scrolls
 g - a scroll of poison {unknown}
 h - a scroll of fog {unknown}
 l - 5 scrolls of identify {unknown}
 n - a scroll of blinking {unknown}
 p - 2 scrolls of magic mapping {unknown}
 q - a scroll of summoning
 t - a scroll of teleportation
 z - a scroll of torment {unknown}
 C - a scroll of amnesia {unknown}
 H - a scroll of enchant armour {unknown}
 J - 2 scrolls of fear {unknown}
 M - a scroll of enchant weapon {unknown}
Potions
 i - 2 potions of invisibility {unknown}
 k - 3 potions of curing
 m - 2 potions of magic {unknown}
 u - 5 potions of flight {unknown}
 v - a potion of resistance {unknown}
 w - 2 potions of berserk rage {unknown}
 x - 3 potions of heal wounds
 D - a potion of lignification {unknown}
 K - a potion of haste {unknown}
 L - 2 potions of brilliance {unknown}


   Skills:
 + Level 4.8 Fighting
 + Level 3.0 Axes
 + Level 7.3 Staves
 * Level 5.2 Throwing
 + Level 3.5 Armour
 + Level 4.0 Dodging
 + Level 3.4 Stealth
 * Level 7.3 Invocations
 * Level 5.4 Evocations


You had 9 spell levels left.
You didn't know any spells.
Your spell library contained the following spells:

 Spells                   Type           Power      Damage    Failure   Level
 Frozen Ramparts          Ice            0%         1d1       97%         3
 Ignite Poison            Fire/Tmut/Pois 0%         N/A       97%         3
 Ice Form                 Ice/Tmut       0%         N/A       100%        4
 Sticky Flame             Conj/Fire      0%         2d3       100%        4
 Eringya's Noxious Bog    Tmut/Pois      0%         N/A       100%        6
 Ignition                 Fire           0%         3d3       100%        8
 Summon Ice Beast         Ice/Summ       Unusable   N/A       N/A         4
 Summon Forest            Summ/Tloc      Unusable   N/A       N/A         5
 Summon Hydra             Summ           Unusable   N/A       N/A         7

Dungeon Overview and Level Annotations

Branches:
Dungeon (8/15)             Temple (1/1) D:4            Lair (0/5) D:8
Ossuary (visited)

Altars:
Dithmenos
Fedhas
Gozag
Hepliaklqana
Makhleb
Okawaru
Qazlal
Trog
Uskayaw
Wu Jian
Xom


Innate Abilities, Weirdness & Mutations

You have a pair of large antennae on your head. (SInv)
You are partially covered in rugged brown scales. (AC +1, +3% HP)
You regenerate health from kills.


Message History

The water moccasin poisons you!
An orc wizard comes into view. It is wielding a +0 dagger.
You thump the water moccasin!
The water moccasin is moderately wounded.
Your +3 spectral quarterstaff hits the water moccasin!
You feel very sick.
The water moccasin misses your +3 spectral quarterstaff.
You hit the water moccasin.
The water moccasin is almost dead.
Your +3 spectral quarterstaff misses the water moccasin.
You feel sick.
The water moccasin bites you but does no damage.
The wyvern simulacrum bites you. The wyvern simulacrum freezes you!
The water moccasin closely misses you.
You miss the water moccasin.
The water moccasin is almost dead.
Your +3 spectral quarterstaff misses the water moccasin.
You feel sick. The wyvern simulacrum bites you!
The wyvern simulacrum freezes you.
A bullfrog comes into view.
The orc wizard hits you but does no damage.
You feel drained. The water moccasin bites you.
You are more poisoned.
The water moccasin poisons you! The wyvern simulacrum bites you!
* * * LOW HITPOINT WARNING * * *
The wyvern simulacrum freezes you!
* * * LOW HITPOINT WARNING * * *
You closely miss the water moccasin.
The water moccasin is almost dead.
Your +3 spectral quarterstaff hits the water moccasin.
You kill the water moccasin!
Okawaru accepts your kill.
* * * LOW HITPOINT WARNING * * *
You feel very sick.
The orc wizard hits you with a +2 dagger of draining.
* * * LOW HITPOINT WARNING * * *
You feel drained. The wyvern simulacrum bites you!
* * * LOW HITPOINT WARNING * * *
The wyvern simulacrum freezes you!
You die...

.# #.# # .. #
##. ##.#
#.#..###..
.........##
..........###...
##....@ooo....
#.../Z(.#.....
........### F..
###...... .
##...... {
#.......
#......#.{
.....)....
.~≈~≈~!...##


You could see a bullfrog, 2 orc wizards, a wyvern simulacrum, an orc and a
friendly +3 spectral quarterstaff.

Vanquished Creatures
  A two-headed ogre (D:7)
  A polar bear (D:8)
  Sigmund (D:4)
  A basilisk (D:8)
  Duvessa (D:6)
  4 water moccasins
  A sky beast (D:7)
  3 black bears
  2 wolves (D:8)
  2 centaurs
  2 ogres
  An elf zombie (Ossuary)
  A kobold brigand (D:7)
  3 scorpions
  10 wights (D:7)
  Dowan (D:6)
  4 killer bees (D:7)
  A howler monkey (D:6)
  A vampire bat (D:7)
  6 hounds
  A centaur zombie (Ossuary)
  3 human zombies (Ossuary)
  A jelly (D:5)
  3 orc priests (D:6)
  6 iguanas
  4 orc wizards (D:6)
  4 ogre zombies (Ossuary)
  7 mummies (Ossuary)
  4 gnolls (D:5)
  9 adders
  A white imp (D:7)
  2 ufetubi
  A worm zombie (D:7)
  2 adder zombies (Ossuary)
  3 worms
  16 orcs
  12 bats
  9 endoplasms
  A giant cockroach (D:1)
  12 goblins
  7 hobgoblins
  11 jackals
  10 kobolds
  3 quokkas (D:4)
  6 ball pythons
  3 frilled lizards
  4 goblin zombies (Ossuary)
  6 hobgoblin zombies
  3 kobold zombies
  4 quokka zombies (Ossuary)
  3 rats
  4 rat zombies (Ossuary)
212 creatures vanquished.

Notes
Turn   | Place    | Note
-------+----------+-------------------------------------------
     0 | D:1      | Kazon the Demonspawn Gladiator began the quest for the Orb.
     0 | D:1      | Reached XP level 1. HP: 16/16 MP: 1/1
    49 | D:1      | Identified a scroll of acquirement
    49 | D:1      | Acquired a +3 spectral quarterstaff
    84 | D:1      | Gained mutation: You have a pair of small antennae on your
                  | head. [demonic ancestry]
    84 | D:1      | Reached XP level 2. HP: 22/22 MP: 2/2
   428 | D:1      | Gained mutation: You are partially covered in rugged brown
                  | scales. (AC +1, +3% HP) [demonic ancestry]
   428 | D:1      | Reached XP level 3. HP: 21/27 MP: 3/3
   886 | D:2      | Reached skill level 1 in Stealth
  1043 | D:2      | Reached skill level 1 in Staves
  1043 | D:2      | Reached XP level 4. HP: 35/35 MP: 4/4
  1461 | D:3      | Found a blossoming altar of Fedhas.
  1618 | D:3      | Found a stormy altar of Qazlal.
  1705 | D:3      | Identified the +2 sling "Qeuhanocyt" {speed, rElec Str-3
                  | Dex+2}
  1833 | D:3      | Found a faded altar of an unknown god.
  1863 | D:4      | Found a staircase to the Ecumenical Temple.
  1872 | Temple   | Entered the Ecumenical Temple
  1890 | Temple   | Became a worshipper of Warmaster Okawaru
  1948 | D:4      | Noticed a black bear
  1973 | D:4      | Killed a black bear
  1974 | D:4      | Reached skill level 1 in Armour
  1974 | D:4      | Reached skill level 1 in Invocations
  1974 | D:4      | Gained mutation: You regenerate a little health from kills.
                  | [demonic ancestry]
  1974 | D:4      | Reached XP level 5. HP: 23/40 MP: 5/5
  1979 | D:4      | Found a hazy altar of Hepliaklqana.
  1980 | D:4      | Found a shadowy altar of Dithmenos.
  1980 | D:4      | Noticed a shadow
  2052 | D:4      | Reached * piety under Okawaru
  2053 | D:4      | Gained mutation: You have a pair of antennae on your head.
                  | [demonic ancestry]
  2053 | D:4      | Reached XP level 6. HP: 12/47 MP: 7/7
  2362 | D:4      | Reached skill level 1 in Evocations
  2544 | D:4      | Noticed Sigmund
  2551 | D:4      | Killed Sigmund
  2551 | D:4      | Reached ** piety under Okawaru
  2552 | D:4      | Gained mutation: You have a pair of large antennae on your
                  | head. (SInv) [demonic ancestry]
  2552 | D:4      | Reached XP level 7. HP: 29/52 MP: 9/9
  2595 | D:5      | Entered Level 5 of the Dungeon
  3009 | D:6      | Gained mutation: You regenerate health from kills. [demonic
                  | ancestry]
  3009 | D:6      | Reached XP level 8. HP: 34/59 MP: 11/11
  3106 | D:6      | Found a shimmering altar of Xom.
  3262 | D:6      | Reached *** piety under Okawaru
  3318 | D:6      | Noticed Dowan
  3324 | D:6      | Noticed Duvessa
  3326 | D:6      | Killed Dowan
  3327 | D:6      | Reached skill level 5 in Invocations
  3336 | D:6      | HP: 1/60 [Duvessa/+0 short sword (7)]
  3338 | D:6      | Killed Duvessa
  3339 | D:6      | Reached skill level 5 in Staves
  3611 | D:7      | Reached XP level 9. HP: 48/66 MP: 7/13
  3626 | D:7      | Found a sand-covered staircase.
  3640 | Ossuary  | Entered an ossuary
  4058 | D:7      | Reached **** piety under Okawaru
  4362 | D:7      | Noticed a two-headed ogre
  4367 | D:7      | Killed a two-headed ogre
  4367 | D:7      | Reached ***** piety under Okawaru
  4368 | D:7      | Reached skill level 5 in Throwing
  4368 | D:7      | Reached skill level 5 in Evocations
  4550 | D:7      | Reached XP level 10. HP: 75/75 MP: 15/15
  4677 | D:8      | Found a staircase to the Lair.
  4736 | D:8      | HP: 2/73 [wyvern simulacrum (8)]
  4736 | D:8      | Mangled by a wyvern simulacrum

Illustrated notes

Levels and vault maps discovered:
D:1:      ebering_trefoil_3fold, layout_basic, st_stairs_14, serial_bayou_ford_a
D:2:      layout_basic, hangedman_decor_growths, minmay_close_crescents
D:3:      layout_rooms, mainiacjoe_overflow_concentric_impassable,
          mainiacjoe_overflow_paths, shapermc_ecumenical_altar_acropolis,
          chequers_serial_rivers_micro_b
D:4:      layout_basic, riverfiend_overflow_shadow_ancestor,
          minmay_temple_entry_glass, uniq_sigmund
D:5:      layout_gridville
D:6:      layout_basic, xom_teletrap_fun, uniq_duvessa
D:7:      layout_loops_ring, enter_ossuary_3, roderic_batcave
D:8:      layout_layer_cave, minmay_lair_entry_grove, serial_shops,
          nicolae_lakefront_shop, serial_ice, serial_ice_o, serial_ice_d,
          serial_ice_k, serial_ice_a
Temple:   nicolae_temple_elliptical

Skill      XL: |  1  2  3  4  5  6  7  8  9 10 |
---------------+-------------------------------+-----
Axes           | 3 |  3.0
Dodging        | 3 4 |  4.0
Throwing       | 2 3 4 5 |  5.2
Stealth        | 1 2 3 |  3.4
Staves         | 1 2 3 4 5 7 |  7.3
Armour         | 1 2 3 |  3.5
Invocations    | 1 2 3 4 5 7 |  7.3
Evocations     | 1 3 4 5 |  5.4
Fighting       | 3 4 |  4.8

Action                     |  1- 3 |  4- 6 |  7- 9 | 10-12 || total
---------------------------+-------+-------+-------+-------++-------
  Melee: War axe           |    25 |       |       |       ||    25
         Quarterstaff      |    65 |    91 |   291 |    37 ||   484
  Throw: Stone             |       |    10 |     6 |       ||    16
         Dart              |       |     1 |    19 |       ||    20
         Boomerang         |       |       |    32 |     4 ||    36
    Use: Scroll            |     2 |       |     2 |       ||     4
         Potion            |     1 |       |     3 |       ||     4
   Stab: Sleeping          |       |     6 |     8 |       ||    14
         Distracted        |       |       |     7 |       ||     7
 Armour: Leather armour    |    22 |    17 |    15 |       ||    54
         Scale mail        |       |       |    65 |    24 ||    89
  Dodge: Dodged            |    58 |    49 |   146 |    28 ||   281
